 Dungeon Sprint DCSS version 0.04.2-19-ga012a504bd (webtiles) character file.

Game seed: 3411456602103447182, levelgen mode: deterministic

0 diana the Bolt Thrower (level 1, -12/10 HPs) Kobold Hunter. Began on May 19, 2021. Was an Initiate of Hepliaklqana. Shot with an arrow by a deep elf archer (22 damage) ... in the Dungeon (Sprint V: "Ziggurat Sprint"). The game lasted 00:02:25 (123 turns).

diana the Bolt Thrower (Kobold Hunter)               Turns: 123, Time: 00:02:27

Health: -12/10     AC:  3    Str:  9    XL:     1 ^: 9
Magic:  1/1        EV: 15    Int: 12    God:    Hepliaklqana [0* [27]]
Gold:   0          SH:  0    Dex: 25    Spells: 0/0 levels left

rFire    . . .     Vision   .   M - +5 arbalest
rCold    . . .     Gourm    .   (also wielding the above weapon)
rNeg     . . .     Faith    .   c - +0 leather armour
rPois    .         Spirit   .   (no helmet)
rElec    .         Reflect  .   (no cloak)
rCorr    .         Harm     .   (no gloves)
MR       .....     NoTele   +   (no boots)
Stlth    ++........             (no amulet)
HPRegen  0.13/turn              v - ring of dexterity
MPRegen  0.11/turn              w - ring of dexterity

@: no status effects
A: small, reduced essence, carnivore
a: Recall Ancestor, Ancestor Identity, Renounce Religion


You were in the Dungeon.
You worshipped Hepliaklqana.
Hepliaklqana was noncommittal.
You were not hungry.

You visited 1 branch

Inventory:

Weapons
 b - the +9 ballista "Sniper" {velocity, Acc+∞ +Vis}
   (You found it in the Dungeon)

   Any bolt fired from it inflicts extra damage.
   It improves your vision.
 J - a +5 rapier
 K - a +5 tanto
 L - a +5 hand crossbow
 M - a +5 arbalest (weapon)
 N - a +5 triple crossbow
Armour
 c - a +0 leather armour (worn)
 E - the +15 Maxwell's patent armour {-Cast -Tele rElec MR+ rCorr}
   (You found it in the Dungeon)

   It insulates you from electricity.
   It affects your resistance to hostile enchantments.
   It prevents spellcasting.
   It prevents most forms of teleportation.
   It provides partial protection from all sources of acid and corrosion.
 F - a +5 crystal plate
 G - +5 shadow dragon scales
 H - +5 storm dragon scales
 I - +5 gold dragon scales
Jewellery
 v - a ring of dexterity (left hand)
 w - a ring of dexterity (right hand)
 x - an uncursed ring of intelligence
 y - an uncursed ring of intelligence
 z - an uncursed ring of strength
 A - an uncursed ring of strength
Wands
 B - a wand of disintegration (7)
 C - a wand of iceblast (7)
 D - a wand of acid (6)
Scrolls
 j - 4 scrolls of blinking
 q - 4 scrolls of amnesia
 r - 7 scrolls of fog
 s - a scroll of holy word
 t - 5 scrolls of bless item
 u - 2 scrolls of fear
Potions
 e - 10 potions of curing
 f - 10 potions of heal wounds
 g - 6 potions of haste
 h - 7 potions of magic
 i - 3 potions of berserk rage
 k - 2 potions of brilliance
 l - 2 potions of invisibility
 m - 4 potions of resistance
 n - a potion of experience
 o - 5 potions of agility
 p - 5 potions of might
Comestibles
 d - 7 rations


   Skills:
 + Level 2.1 Fighting
 + Level 4.8 Crossbows
 - Level 2.4 Dodging
 - Level 1.3 Stealth


You couldn't memorise any spells.
You didn't know any spells.
Your spell library was empty.

Dungeon Overview and Level Annotations

Branches:
Dungeon (1/1)

Altars:
Ashenzari
Cheibriados
Dithmenos
Elyvilon
Fedhas Madash
Gozag Ym Sagoz
Hepliaklqana
Kikubaaqudgha
Makhleb
Nemelex Xobeh
Okawaru
Qazlal
Ru
Sif Muna
Trog
Uskayaw
Vehumet
Wu Jian
Xom
Yredelemnul
Zin
The Shining One Bahamut & Tiamat
Beogh
Jiyva
Lugonu

Annotations:
D 1 transporter


Innate Abilities, Weirdness & Mutations

You are small and have problems with some larger weapons.
You are carnivorous and can eat meat at any time.
Your life essence is reduced to manifest your ancestor. (-10% HP)


Message History

The deep elf mage is lightly wounded. (38/42) HP The deep elf archer shouts!
The deep elf archer unwields a +0 dagger of molten steel.
It resolidifies.
The deep elf archer wields a +0 shortbow.
The deep elf archer shoots an arrow.
The arrow punctures Iltani (11)!
Iltani is destroyed!
The deep elf mage mumbles some strange words.
The deep elf mage blinks!
Aiming:
M - a +5 arbalest, Range: 1 (25%)
Press: ? - help, Shift-Dir - straight line, f/p - deep elf mage
Aim: a deep elf mage, wielding a +0 long sword (lightly wounded (38/42))
You shoot a bolt.
The bolt pierces through the deep elf mage (6).
The deep elf mage is moderately wounded. (32/42) HP The deep elf mage casts a spell.
The deep elf mage blinks!
The deep elf archer shoots an arrow.
The arrow impales you (22)!!
Ouch! That really hurt!
You die...

▓▓▓▓▓▓▓
▓e8©8.▓
▓.....▓
▓.).e.▓
▓.....▓
▓...§.▓
▓..@..▓
▓▓▓▓▓▓▓


You could see a deep elf archer and a deep elf mage.

Vanquished Creatures (others)
  Gastronok (D)
  An ancestor (D)
2 creatures vanquished.

Notes
Turn   | Place    | Note
-------+----------+-------------------------------------------
     0 | D        | diana the Kobold Hunter began the quest for the Orb.
     0 | D        | Reached XP level 1. HP: 12/12 MP: 1/1
     0 | D        | Found a shimmering blue altar of Sif Muna.
     0 | D        | Found a sacrificial altar of Ru.
     0 | D        | Found a bloodstained altar of Trog.
     0 | D        | Found a stormy altar of Qazlal.
     0 | D        | Found an iron altar of Okawaru.
     0 | D        | Found a sparkling altar of Nemelex Xobeh.
     0 | D        | Found a blossoming altar of Fedhas.
     1 | D        | Found the +6 Majin-Bo {vampiric, corrupt archmagi; MP+6
                  | Int+6}
     1 | D        | Found the +9 ballista "Sniper" {velocity, Acc+∞ +Vis}
     1 | D        | Found the +10 dark maul {crush}
     1 | D        | Found the +15 Maxwell's patent armour {-Cast -Tele rElec
                  | MR+ rCorr}
     1 | D        | Found the +18 shield of the Gong {rElec rN+ MR+ EV-5}
     1 | D        | Found the +14 obsidian axe {chop, +Fly +Vis Soulbond}
     1 | D        | Found the +7 great mace "Firestarter" {inner flame, rF++}
     1 | D        | Found the +6 shillelagh "Devastator" {shatter}
     1 | D        | Found the +11 plutonium sword {*Contam Stlth-}
     1 | D        | Found the +8 lance "Wyrmbane" {slay drac, rPois rF+ rC+
                  | AC+3}
     1 | D        | Found the +9 sword of Zonguldrok {reap}
     1 | D        | Found the +13 scythe of Curses {drain, Soulbond}
     1 | D        | Found the +0 sword of Power
     1 | D        | Found the +7 mace of Variability {chain chaos}
     1 | D        | Found the +7 Singing Sword {slice, sonic wave}
     1 | D        | Found the +8 storm bow {elec, penet}
     2 | D        | Found a transporter.
     2 | D        | Found an ancient bone altar of Kikubaaqudgha.
     2 | D        | Found a viscous altar of Jiyva.
     2 | D        | Found a corrupted altar of Lugonu.
     2 | D        | Found a hazy altar of Hepliaklqana.
     2 | D        | Found a burning altar of Makhleb.
     2 | D        | Found an opulent altar of Gozag.
    17 | D        | Killed Gastronok
   116 | D        | Became a worshipper of Hepliaklqana the Forgotten
   121 | D        | Entered arena 2.
   121 | D        | Noticed a deep elf mage
   121 | D        | Noticed a deep elf archer
   121 | D        | Found a transporter.
   123 | D        | Shot with an arrow by a deep elf archer

Levels and vault maps discovered:
D:        sprint_v [room_start, room_1, room_2, room_3, room_4, room_5, room_6,
          room_7, room_8, room_9, room_10, room_11, room_12, room_13, room_14,
          room_15, room_16, room_17, room_18, room_19, room_20, room_21,
          room_22, room_23, room_24, room_25, room_26, room_27]

Action                   || total
-------------------------++-------
 Fire: Arbalest          ||     1
Evoke: Wand              ||     1
